 Dungeon Crawl Stone Soup version 0.17.0-24-gcfadda4 (webtiles) character file.

923 Ohshi the Destroyer (level 7, -1/36 HPs)
             Began as a Deep Elf Conjurer on Nov 17, 2015.
             Killed by nerve-wracking pain
             ... invoked by a shadow imp
              (11 damage)
             ... on level 5 of the Dungeon.
             The game lasted 00:17:40 (3878 turns).

Ohshi the Destroyer (Deep Elf Conjurer)             Turns: 3878, Time: 00:17:40

Health: -1/36      AC:  6    Str:  5    XL:     7   Next: 84%
Magic:  1/19       EV: 14    Int: 22    God:
Gold:   344        SH:  0    Dex: 15    Spells: 3 memorised, 14 levels left

rFire  . . .     SeeInvis .     (no weapon)
rCold  . . .     Clarity  .     f - +1 robe {MR+}
rNeg   . . .     SustAt   .     (no shield)
rPois  .         Gourm    .     (no helmet)
rElec  .         Spirit   .     y - +0 cloak
rCorr  .         Warding  .     g - +1 pair of gloves
rMut   .         Stasis   .     (no boots)
MR     +....                    (no amulet)
Stlth  +++.......               (no ring)
                                (no ring)

@: somewhat resistant to hostile enchantments, fairly stealthy
A: no striking features
a: no special abilities


You were on level 5 of the Dungeon.
You were not hungry.

You visited 1 branch of the dungeon, and saw 5 of its levels.

You collected 344 gold pieces.

Inventory:

Armour
 f - a +1 robe of magic resistance (worn)
 g - a +1 pair of gloves (worn)
 y - a +0 cloak (worn)
Jewellery
 p - an uncursed amulet of faith {unknown}
 s - a +3 ring of dexterity {unknown}
 t - an uncursed amulet of rage {unknown}
 B - an uncursed ring of stealth {unknown}
Wands
 a - a wand of flame (5)
 q - a wand of cold (10)
 v - a wand of digging (14)
Scrolls
 j - 6 scrolls of identify
 k - a scroll of enchant weapon
 m - a scroll of fog
Potions
 d - a potion of resistance {unknown}
 e - a potion of brilliance {unknown}
 i - 4 potions of haste {unknown}
 l - a potion of ambrosia {unknown}
 n - a potion of curing {unknown}
 u - 2 potions of mutation {unknown}
 x - a potion of magic {unknown}
 A - a potion of flight {unknown}
Books
 b - a book of Conjurations

   Spells                             Type                      Level
   a - Magic Dart                     Conjuration                  1
   b - Searing Ray                    Conjuration                  2
   c - Dazzling Spray                 Conjuration/Hexes            3
   d - Fulminant Prism                Conjuration/Hexes            4
   e - Iskenderun's Mystic Blast      Conjuration                  4
   f - Iskenderun's Battlesphere      Conjuration/Charms           5
 r - a book of Minor Magic

   Spells                             Type                      Level
   a - Magic Dart                     Conjuration                  1
   b - Blink                          Translocation                2
   c - Call Imp                       Summoning                    2
   d - Repel Missiles                 Charms/Air                   2
   e - Slow                           Hexes                        2
   f - Conjure Flame                  Conjuration/Fire             3
   g - Mephitic Cloud                 Conjuration/Poison/Air       3
Comestibles
 c - a slice of pizza
 o - 3 meat rations
 w - a beef jerky
 z - 3 bread rations


   Skills:
 + Level 0.2 Fighting
 + Level 4.2 Dodging
 + Level 4.4 Stealth
 + Level 7.1 Spellcasting
 + Level 8.0 Conjurations
 + Level 0.7 Evocations


You had 14 spell levels left.
You knew the following spells:

 Your Spells              Type           Power        Failure   Level  Hunger
a - Magic Dart            Conj           ####         1%          1    None
b - Searing Ray           Conj           #####.       1%          2    None
c - Dazzling Spray        Conj/Hex       ####....     6%          3    None


Dungeon Overview and Level Annotations

Branches:
Dungeon (5/15)
 Temple: D:4-7

Altars:
Dithmenos
Ru


Message History

Aiming: Magic Dart
Press: ? - help, Shift-Dir - straight line, f/p - giant cockroach
Aim: a giant cockroach (lightly wounded, clinging)
The magic dart hits the giant cockroach.
You kill the giant cockroach!
Casting: Magic Dart
Confirm with . or Enter, or press ? or * to list all spells.
Aiming: Magic Dart
Press: ? - help, Shift-Dir - straight line, f - shadow imp
Aim: a shadow imp The magic dart hits the shadow imp.
The shadow imp is heavily wounded.
Casting: Magic Dart
Confirm with . or Enter, or press ? or * to list all spells.
You don't have enough magic to cast that spell.
Found a stone staircase leading down.
Found 16 gold pieces.
The shadow imp gestures at you. Pain shoots through your body!
You die...

#.# #.#.# #.# .....
#.# #### # #
###########.# .#
..#........##.##.####
#$.....##..........#
#>.............##.#
#.....#.#...#.#
#...@.........#
##......5......#
#..............#
#.........#........
...#####...#####.##.#
## #...# .# . #....
.# #.#.## #.#.#


You could see a shadow imp.

Vanquished Creatures
  A hippogriff (D:4)
  Duvessa (D:5)
  A phantom (D:4)
  An ogre (D:4)
  A centaur (D:5)
  Dowan (D:5)
  A giant frog zombie (D:5)
  2 orc wizards
  A giant frog skeleton (D:4)
  An iguana (D:4)
  A worker ant (D:4)
  A mummy (D:4)
  A worker ant zombie (D:4)
  5 adders
  4 gnolls (D:3)
  2 worms
  3 giant geckos
  9 orcs
  8 bats
  9 hobgoblins
  3 jackals (D:2)
  8 kobolds
  2 ball pythons
  4 giant cockroaches
  3 giant newts
  6 goblins
  2 hobgoblin zombies (D:4)
  2 orc zombies (D:4)
  A quokka skeleton (D:3)
  5 rats
90 creatures vanquished.

Notes
Turn   | Place    | Note
--------------------------------------------------------------
     0 | D:1      | Ohshi the Deep Elf Conjurer began the quest for the Orb.
     0 | D:1      | Reached XP level 1. HP: 10/10 MP: 6/6
   299 | D:1      | Reached XP level 2. HP: 15/15 MP: 1/8
   685 | D:1      | Reached skill level 5 in Conjurations
   990 | D:2      | Reached XP level 3. HP: 17/19 MP: 3/9
  1207 | D:2      | Learned a level 2 spell: Searing Ray
  1211 | D:2      | Learned a level 3 spell: Dazzling Spray
  1544 | D:3      | Reached XP level 4. HP: 24/24 MP: 1/11
  1879 | D:3      | Reached skill level 6 in Conjurations
  2132 | D:3      | Reached XP level 5. HP: 28/28 MP: 11/13
  2285 | D:3      | Found a shadowy altar of Dithmenos.
  2285 | D:3      | Found a sacrificial altar of Ru.
  3094 | D:4      | Noticed an ogre
  3100 | D:4      | Killed an ogre
  3100 | D:4      | Reached skill level 5 in Spellcasting
  3100 | D:4      | Reached XP level 6. HP: 32/32 MP: 8/15
  3207 | D:4      | Noticed a hippogriff
  3214 | D:4      | Killed a hippogriff
  3214 | D:4      | Reached skill level 7 in Conjurations
  3296 | D:4      | Noticed a phantom
  3329 | D:4      | Killed a phantom
  3329 | D:4      | Reached XP level 7. HP: 27/36 MP: 0/18
  3699 | D:5      | Entered Level 5 of the Dungeon
  3848 | D:5      | Noticed Duvessa
  3849 | D:5      | Noticed Dowan
  3854 | D:5      | Killed Duvessa
  3856 | D:5      | Killed Dowan
  3859 | D:5      | Reached skill level 8 in Conjurations
  3878 | D:5      | Killed from afar by a shadow imp

Action                   |  1- 3 |  4- 6 |  7- 9 || total
-------------------------+-------+-------+-------++-------
Melee: Unarmed           |       |     2 |     2 ||     4
 Cast: Magic Dart        |    67 |   110 |    24 ||   201
       Searing Ray       |     1 |     9 |     6 ||    16
Evoke: Wand              |       |       |     5 ||     5
  Use: Scroll            |       |     9 |     1 ||    10
  Eat: Meat ration       |     1 |       |       ||     1
       Bread ration      |     1 |       |       ||     1
